 Dungeon Crawl Stone Soup version 0.16.1-14-g82efdee (webtiles) character file.

2702 KarvaRausku the Cleaver (level 9, -15/66 HPs)
             Began as a Human Fighter on Apr 14, 2015.
             Was a Priest of Okawaru.
             Demolished by deszczowiec's ghost (28 damage)
             ... on level 8 of the Dungeon.
             The game lasted 00:22:06 (10095 turns).

KarvaRausku the Cleaver (Human Fighter)            Turns: 10095, Time: 00:22:07

Health: -15/66     AC: 11    Str: 24    XL:     9   Next: 97%
Magic:  9/9        EV:  9    Int:  9    God:    Okawaru [***...]
Gold:   438        SH:  9    Dex: 13    Spells: 0 memorised, 8 levels left

rFire  . . .     SeeInvis .     A - +0 war axe
rCold  . . .     Clarity  .     b - +0 scale mail
rNeg   . . .     SustAb   +     c - +0 shield
rPois  .         Gourm    .     (no helmet)
rElec  .         Spirit   .     J - +0 cloak
rCorr  .         Warding  .     u - +0 pair of gloves
rMut   .         Stasis   .     v - +1 pair of boots
MR     .....                    (no amulet)
Stlth  ..........               (no ring)
                                M - ring of sustain abilities

@: mighty, not resistant to hostile enchantments, extremely unstealthy
A: no striking features
a: Heroism, Renounce Religion


You were on level 8 of the Dungeon.
You worshipped Okawaru.
Okawaru was most pleased with you.
You were hungry.

You visited 2 branches of the dungeon, and saw 9 of its levels.
You also visited: Sewer.

You collected 438 gold pieces.

Inventory:

Hand weapons
 a - a +0 war axe
 z - a cursed +0 spear
 A - a +0 war axe (weapon)
 B - a cursed -2 whip
 H - a +3 quarterstaff of chaos
Missiles
 P - 3 steel sling bullets
Armour
 b - a +0 scale mail (worn)
 c - a +0 shield (worn)
 u - a +0 pair of gloves (worn)
 v - a +1 pair of boots (worn)
 I - a +0 cloak
 J - a +0 cloak (worn)
Jewellery
 M - a ring of sustain abilities (left hand)
Magical devices
 h - a wand of confusion (10)
 o - a wand of digging (13)
 q - a wand of frost (28)
 D - a wand of random effects (0)
 F - a wand of magic darts (19)
 N - a wand of random effects (16)
Scrolls
 f - 2 scrolls of remove curse
 k - 6 scrolls of teleportation {unknown}
 l - 5 scrolls of identify
 p - 6 scrolls of enchant armour
 r - 2 scrolls of enchant weapon {unknown}
 t - 6 scrolls of magic mapping
 w - 2 scrolls of blinking {unknown}
 y - a scroll of fear
Potions
 e - 3 potions of might
 g - a potion of haste {unknown}
 i - a potion of beneficial mutation {unknown}
 j - a potion of restore abilities {unknown}
 m - a potion of ambrosia {unknown}
 n - a potion of heal wounds
 s - 4 potions of curing
 x - 3 potions of brilliance {unknown}
 C - 4 potions of magic
 K - a potion of flight {unknown}
Comestibles
 d - 2 bread rations
 E - 2 fruits
 G - a slice of pizza
 L - a meat ration


   Skills:
 + Level 4.4 Fighting
 + Level 11.3 Axes
 + Level 4.8 Armour
 + Level 3.3 Dodging
 - Level 3.0 Shields


You had 8 spell levels left.
You didn't know any spells.

Dungeon Overview and Level Annotations

Branches:
Dungeon (8/15)             Temple (1/1) D:4
   Lair: D:8-11

Altars:
Ashenzari
Cheibriados
Elyvilon
Fedhas
Gozag
Kikubaaqudgha
Makhleb
Nemelex Xobeh
Okawaru
Qazlal
Ru
Sif Muna
Trog
Vehumet
Xom
Yredelemnul
Zin
The Shining One

Shops:
D:5 [

Annotations:
D:8 deszczowiec's ghost, experienced OgHu


Message History

Deszczowiec's ghost is heavily damaged.
Deszczowiec's ghost hits you but does no damage.
You barely miss deszczowiec's ghost.
Deszczowiec's ghost is heavily damaged.
Deszczowiec's ghost hits you!!
* * * LOW HITPOINT WARNING * * *
You are too injured to fight recklessly!
You are too injured to fight recklessly!
You barely miss deszczowiec's ghost.
Deszczowiec's ghost is heavily damaged.
You block deszczowiec's ghost's attack.
You slash deszczowiec's ghost!
Deszczowiec's ghost is heavily damaged.
Deszczowiec's ghost hits you!
* * * LOW HITPOINT WARNING * * *
Deszczowiec's ghost whispers, "Death is liberation."
Unknown command.
All of the chunks of flesh in your inventory have rotted away.
Deszczowiec's ghost hits you!!
You die...

######### #.......# #.......#
#.......# #.......#
#.......###############
#..........W@.........#######
#.......############.........
#........# ####.####.###
########.########....# #.#
##.............#### #.#
#.........###### ##.#
##.......## #..# #########
###W## #...#


You could see deszczowiec's ghost.

Vanquished Creatures
  Eustachio (D:4)
  An ice beast (D:6)
  A phantom (D:6)
  An orc warrior (D:6)
  2 centaurs
  A sky beast (D:7)
  3 ogres
  A black bear (D:6)
  Sigmund (D:6)
  3 giant frogs
  2 scorpions
  2 crimson imps (D:8)
  2 jellies
  A goliath beetle (D:6)
  A centaur skeleton (D:4)
  4 hounds
  Crazy Yiuf (D:5)
  2 giant frog skeletons
  4 orc priests
  9 worker ants
  2 iguanas
  2 orc wizards
  2 hound skeletons
  16 adders
  9 gnolls
  4 river rats
  3 giant geckos
  3 oozes
  24 orcs
  14 ball pythons
  6 giant cockroaches
  16 goblins
  14 hobgoblins
  2 jackals (D:7)
  6 quokkas
  6 bats
  4 giant newts
  A jackal skeleton (D:5)
  9 kobolds
  39 rats
225 creatures vanquished.

Notes
Turn   | Place    | Note
--------------------------------------------------------------
     0 | D:1      | KarvaRausku, the Human Fighter, began the quest for the Orb.
     0 | D:1      | Reached XP level 1. HP: 18/18 MP: 1/1
   143 | D:1      | Reached XP level 2. HP: 20/24 MP: 2/2
   440 | D:1      | Reached XP level 3. HP: 26/29 MP: 3/3
   890 | D:2      | Reached XP level 4. HP: 33/35 MP: 4/4
   912 | D:2      | Reached skill level 4 in Axes
  1706 | D:2      | Reached XP level 5. HP: 30/41 MP: 5/5
  2193 | D:3      | Reached skill level 5 in Axes
  3155 | D:4      | Found a staircase to the Ecumenical Temple.
  3163 | D:4      | Noticed Eustachio
  3182 | D:4      | Killed Eustachio
  3182 | D:4      | Reached skill level 6 in Axes
  3182 | D:4      | Reached XP level 6. HP: 8/47 MP: 6/6
  3188 | Temple   | Entered the Ecumenical Temple
  3523 | Temple   | Became a worshipper of Warmaster Okawaru
  3543 | D:4      | Found a snail-covered altar of Cheibriados.
  3560 | D:4      | HP: 2/47 [poisoned by a scorpion]
  3883 | D:4      | Reached XP level 7. HP: 39/52 MP: 7/7
  3898 | D:4      | Reached skill level 7 in Axes
  4690 | D:4      | Noticed an ogre
  4699 | D:4      | Killed an ogre
  4699 | D:4      | Reached skill level 8 in Axes
  5373 | D:5      | Entered Level 5 of the Dungeon
  5373 | D:5      | Found a glowing drain.
  5396 | Sewer    | Entered a sewer
  5434 | Sewer    | Acquired Okawaru's first power
  5574 | Sewer    | Reached XP level 8. HP: 44/58 MP: 8/8
  6069 | Sewer    | Reached skill level 9 in Axes
  6736 | D:5      | Noticed Crazy Yiuf
  6746 | D:5      | Killed Crazy Yiuf
  6776 | D:5      | Reached skill level 10 in Axes
  7135 | D:5      | Found Pseerr's Antique Armour Boutique.
  7339 | D:6      | Found an opulent altar of Gozag.
  7339 | D:6      | Found a sparkling altar of Nemelex Xobeh.
  7437 | D:6      | Reached XP level 9. HP: 46/63 MP: 9/9
  7458 | D:6      | Noticed Sigmund
  7466 | D:6      | Killed Sigmund
  7650 | D:6      | Reached skill level 1 in Dodging
  8168 | D:6      | Reached skill level 11 in Axes
  9619 | D:8      | Noticed deszczowiec's ghost (experienced OgHu)
 10095 | D:8      | Demolished by deszczowiec's ghost

Action                   |  1- 3 |  4- 6 |  7- 9 || total
-------------------------+-------+-------+-------++-------
Melee: War axe           |    79 |   165 |   681 ||   925
Evoke: Wand              |       |     1 |    13 ||    14
  Use: Potion            |       |     1 |     4 ||     5
       Scroll            |       |       |    10 ||    10
  Eat: Chunk             |       |     7 |    17 ||    24
       Bread ration      |       |     1 |       ||     1
       Pizza             |       |       |     1 ||     1
